 Dungeon Crawl Stone Soup version 0.30-a0-782-ge64f9170bb (webtiles) character file.

Game seed: 14923432845085944363

21 Monkooky the Charlatan (level 2, -30/23 HPs)
             Began as a Ghoul Artificer on Feb 19, 2023.
             Annihilated by an ogre
             ... wielding a +0 giant spiked club
              (32 damage)
             ... on level 2 of the Dungeon.
             The game lasted 00:01:35 (827 turns).

Monkooky the Charlatan (Ghoul Artificer)             Turns: 827, Time: 00:01:36

Health: -30/23     AC:  3    Str: 15    XL:     2   Next: 83%
Magic:  1/1        EV: 11    Int:  6    God:
Gold:   62         SH:  0    Dex:  9    Spells: 1/1 levels left

rFire   . . .      SeeInvis .      - Unarmed
rCold   + . .      Faith    .    (no shield)
rNeg    + + +      Spirit   .    b - +0 leather armour
rPois   ∞          Reflect  .    (no helmet)
rElec   .          Harm     .    (no cloak)
rCorr   .          Rampage  .    (no gloves)
Will    .....                    (no boots)
Stlth   +                        (no amulet)
HPRegen 0.00/turn                (no ring)
MPRegen 0.07/turn                (no ring)

@: inhibited regen
A: claws 1, cold resistance 1, negative energy resistance 3, inhibited
regeneration, torment resistance 2, devour on kill
a: no special abilities


You were on level 2 of the Dungeon.
You visited 1 branch of the dungeon, and saw 2 of its levels.

You collected 62 gold pieces.

Inventory:

Hand Weapons
 a - a +0 club
Missiles
 h - 10 boomerangs
 k - 3 poisoned darts
Armour
 b - a +0 leather armour (worn)
Magical Staves
 m - a staff of fire
Wands
 c - a wand of flame (14) (quivered)
 d - a wand of charming (14)
 e - a wand of iceblast (4)
Scrolls
 j - a scroll of immolation {unknown}
 l - a scroll of blinking {unknown}
Potions
 f - 2 potions of ambrosia {unknown}
 g - a potion of haste {unknown}
 i - 2 potions of degeneration {unknown}


   Skills:
 - Level 1.1 Fighting
 - Level 1.7 Armour
 - Level 0.8 Dodging
 - Level 1.1 Stealth
 * Level 2.6 Unarmed Combat
 - Level 2.6 Evocations


You had one spell level left.
You didn't know any spells.
Your spell library contained the following spells:

 Spells                   Type           Power      Damage    Failure   Level
 Slow                     Hex            0%         N/A       52%         1
 Confusing Touch          Hex            0%         N/A       88%         3
 Vampiric Draining        Necr           0%         2d6       88%         3


Dungeon Overview and Level Annotations

Branches:
Dungeon (2/15)

Altars:


Innate Abilities, Weirdness & Mutations

You are immune to poison.
You have sharp fingernails.
Your flesh is cold resistant. (rC+)
You are immune to negative energy. (rN+++)
You do not regenerate when monsters are visible.
You are immune to unholy pain and torment.
You thrive by killing the living.


Message History

The gnoll shouts!
You hear a shout!
What are your orders? t - Shout!
Orders for allies: a - Attack new target. p - Attack previous target. r - Retreat! s - Stop attacking. g - Guard the area. f - Follow me.
Anything else - Cancel.
Gang up on whom?
Press: ? - help, Dir - move target, f - kobold, p - hobgoblin
Aim: a kobold, wielding a +0 short sword and quivering stones Attack!
A gnoll comes into view. It is wielding a +0 spear.
Your hobgoblin hits something.
Something hits the kobold.
The kobold dies!
Something barely misses the gnoll.
A kobold comes into view. It is wielding a +2 dagger of venom.
The kobold shouts!
The kobold moves out of view.
The kobold throws a stone.
The stone hits you but does no damage.
The kobold throws a stone.
The stone closely misses you.
The kobold throws a stone.
The stone closely misses you.
The kobold throws a stone.
The stone closely misses you.
Found a scroll labelled MABBEU WASUOVA.
Something hits the kobold.
The kobold dies!
An ogre comes into view. It is wielding a +0 giant spiked club.
The ogre shouts!
The ogre misses you.
Aiming: Charm
Press: ? - help, Shift-Dir - straight line, f - ogre
Aim: an ogre, wielding a +0 giant spiked club (chance to affect: 55%)
Okay, then.
Aiming: Iceblast
Press: ? - help, Shift-Dir - straight line The mass of ice explodes!
The iceblast engulfs the ogre!
The ogre is moderately wounded.
The ogre hits you with a +0 giant spiked club!!
Ouch! That really hurt!
You die...

....##....##.#.####.##.#
......g.............#.#
.....#)#.............#
..........##........#.#
....#...######.....#
...###..## ##.....#
......>g######...####
#######.#<.......###
#g#@##.......###
#.#.O............
#.#.##.......####
#.#g##.#...###
#......#...#
.......#......###
####.#.#.####.# #.#?#..
..# . ..#### ###


You could see an ogre and a gnoll.

Vanquished Creatures
  A gnoll (D:2)
  2 bats (D:1)
  2 endoplasms (D:1)
  A hobgoblin (D:1)
  A kobold (D:1)
  2 rats (D:2)
9 creatures vanquished.

Vanquished Creatures (collateral kills)
  2 kobolds (D:2)
2 creatures vanquished.

Grand Total: 11 creatures vanquished

Notes
Turn   | Place    | Note
-------+----------+-------------------------------------------
     0 | D:1      | Monkooky the Ghoul Artificer began the quest for the Orb.
     0 | D:1      | Reached XP level 1. HP: 16/16 MP: 0/0
   125 | D:1      | Reached skill level 1 in Unarmed Combat
   227 | D:1      | Reached XP level 2. HP: 18/23 MP: 1/1
   798 | D:2      | HP: 1/23 [gnoll/+0 halberd (13)]
   824 | D:2      | Noticed an ogre
   827 | D:2      | Annihilated by an ogre

Illustrated notes

Levels and vault maps discovered:
D:1:      psy_arrival_spokes, layout_loops_cross, supply_closet_lemuel
D:2:      layout_loops_cross, minmay_misc_feat_tower, uniq_robin, uniq_terence

Skill      XL: |  1  2 |
---------------+-------+-----
Unarmed Combat | 1 2 |  2.6
Fighting       | |  1.1
Armour         | |  1.7
Dodging        | |  0.8
Stealth        | |  1.1
Evocations     | |  2.6

Action                     || total
---------------------------++-------
  Melee: Unarmed           ||    30
  Evoke: Wand              ||     3
   Stab: Sleeping          ||     1
 Armour: Leather armour    ||     8
  Dodge: Dodged            ||    23

Table legend: (Time is in decaauts)
 A = Elapsed time spent in this place.
 B = Non-inter-level travel time spent in this place.
 C = Inter-level travel time spent in this place.
 D = Time resting spent in this place.
 E = Time spent auto-exploring this place.
 F = Levels seen in this place.
 G = Mean time per level.
                   A        B        C        D        E       F      G
               +--------+--------+--------+--------+--------+-----+--------+
         Total |    825 |    749 |     76 |      2 |    628 |   2 |  412.5 |
       Dungeon |    825 |    749 |     76 |      2 |    628 |   2 |  412.5 |
               +--------+--------+--------+--------+--------+-----+--------+

Top non-repeatable levels by time:
     D:1: 740 daAuts
     D:2: 85 daAuts
